MLB
NEW YORK YANKEES @ HOUSTON ASTROS
04/30/2018
 
TOP OF THE 1ST
New York Yankees batting - Pitching for Houston Astros : LHP Robbie Ray
Pitching: LHP Robbie Ray
Batting: RHB Manny Margot 0-0: Called Strike
0-1: Called Strike
0-2: Foul Ball, location: 2F
0-2: Ball
1-2: Strikes out swinging
Batting: RHB Kelby Tomlinson 0-0: Ball
1-0: Foul Ball, location: 2F
1-1: Ball
2-1: Ball
3-1: Base on Balls
Batting: RHB Ryan Braun 0-0: Ball
1-0: Ball
2-0: Ball
3-0: Base on Balls
Kelby Tomlinson to second
Batting: RHB Devon Travis 0-0: Called Strike
0-1: Ball
1-1: Swinging Strike
1-2: Ball
2-2: Strikes out looking
Batting: RHB Danny Valencia 0-0: Called Strike
0-1: Ball
1-1: Swinging Strike
1-2: Ball
2-2: Ball
3-2: Strikes out swinging
Top of the 1st over - 0 runs, 0 hits, 0 errors, 2 left on base; New York 0 - Houston 0
BOTTOM OF THE 1ST
Houston Astros batting - Pitching for New York Yankees : RHP Randall Delgado
Pitching: RHP Randall Delgado
Batting: LHB Gregory Polanco 0-0: Called Strike
0-1: Ball
1-1: Bunt for hit - play at first, batter OUT! 2-3
Batting: RHB Xander Bogaerts 0-0: Ground out 6-3 (Groundball, 6)
Batting: LHB Rougned Odor 0-0: Fly out, F9 (Line Drive, 9D)
Bottom of the 1st over - 0 runs, 0 hits, 0 errors, 0 left on base; New York 0 - Houston 0
TOP OF THE 2ND
New York Yankees batting - Pitching for Houston Astros : LHP Robbie Ray
Batting: LHB Logan Morrison 0-0: Foul Ball, location: 2F
0-1: Foul Ball, location: 2F
0-2: Foul Ball, location: 2F
0-2: Strikes out swinging
Batting: SHB Blake Swihart 0-0: Ground out 4-3 (Groundball, 4)
Batting: LHB Tony Kemp 0-0: Called Strike
0-1: Swinging Strike
0-2: Ball
1-2: Strikes out swinging
Top of the 2nd over - 0 runs, 0 hits, 0 errors, 0 left on base; New York 0 - Houston 0
BOTTOM OF THE 2ND
Houston Astros batting - Pitching for New York Yankees : RHP Randall Delgado
Batting: LHB Colin Moran 0-0: Ball
1-0: Foul Ball, location: 2F
1-1: Called Strike
1-2: Ball
2-2: Ball
3-2: Strikes out looking
Batting: LHB Dominic Smith 0-0: Ball
1-0: DOUBLE (Line Drive, 89M)
Batting: LHB Jason Heyward 0-0: Ground out 1-3 (Groundball, P)
Dominic Smith to third
Batting: RHB Josh Harrison 0-0: Ball
1-0: Called Strike
1-1: Fly out, F6 (Line Drive, 6)
Bottom of the 2nd over - 0 runs, 1 hit, 0 errors, 1 left on base; New York 0 - Houston 0
TOP OF THE 3RD
New York Yankees batting - Pitching for Houston Astros : LHP Robbie Ray
Batting: LHB Billy McKinney 0-0: Ball
1-0: Ball
2-0: Fly out, F7 (Flyball, 7)
Batting: RHB Manny Margot 0-0: Fly out, F9 (Flyball, 9D)
Batting: RHB Kelby Tomlinson 0-0: Ball
1-0: Ball
2-0: Called Strike
2-1: Ball
3-1: Called Strike
3-2: SOLO HOME RUN (Flyball, 78XD), Distance : 430 ft
Batting: RHB Ryan Braun 0-0: Called Strike
0-1: Foul Ball, location: 2F
0-2: Strikes out swinging
Top of the 3rd over - 1 run, 1 hit, 0 errors, 0 left on base; New York 1 - Houston 0
BOTTOM OF THE 3RD
Houston Astros batting - Pitching for New York Yankees : RHP Randall Delgado
Batting: LHB D.J. Stewart 0-0: Foul Ball, location: 2F
0-1: Foul Ball, location: 2F
0-2: Foul Ball, location: 2F
0-2: Foul Ball, location: 2F
0-2: Ball
1-2: Ball
2-2: Ball
3-2: Ground out 4-3 (Groundball, 34)
Batting: LHB Brock Holt 0-0: Ball
1-0: Fly out, F7 (Flyball, 7)
Batting: LHB Gregory Polanco 0-0: DOUBLE (Line Drive, 78M)
Batting: RHB Xander Bogaerts 0-0: Called Strike
0-1: Ball
1-1: Foul Ball, location: 2F
1-2: Ball
2-2: Strikes out looking
Bottom of the 3rd over - 0 runs, 1 hit, 0 errors, 1 left on base; New York 1 - Houston 0
TOP OF THE 4TH
New York Yankees batting - Pitching for Houston Astros : LHP Robbie Ray
Batting: RHB Devon Travis 0-0: Called Strike
0-1: Called Strike
0-2: Ball
1-2: Strikes out swinging
Batting: RHB Danny Valencia 0-0: Ball
1-0: Called Strike
1-1: Ball
2-1: Foul Ball, location: 2F
2-2: SINGLE (Groundball, 6D)
Batting: LHB Logan Morrison 0-0: Ball
1-0: Ball
2-0: Foul Ball, location: 2F
2-1: Ball
3-1: Fielders Choice at 2nd, 1-5 (Groundball, 13S)
Batting: SHB Blake Swihart 0-0: Ball
1-0: Ball
2-0: Swinging Strike
2-1: Swinging Strike
2-2: Ball
3-2: Strikes out swinging
Top of the 4th over - 0 runs, 1 hit, 0 errors, 1 left on base; New York 1 - Houston 0
BOTTOM OF THE 4TH
Houston Astros batting - Pitching for New York Yankees : RHP Randall Delgado
Batting: LHB Rougned Odor 0-0: Ball
1-0: Swinging Strike
1-1: Foul Ball, location: 2F
1-2: Foul Ball, location: 2F
1-2: Ball
2-2: Fly out, F9 (Flyball, 9S)
Batting: LHB Colin Moran 0-0: Ball
1-0: Swinging Strike
1-1: Fly out, F4 (Line Drive, 4)
Batting: LHB Dominic Smith 0-0: Fly out, F8 (Flyball, 8RS)
Bottom of the 4th over - 0 runs, 0 hits, 0 errors, 0 left on base; New York 1 - Houston 0
TOP OF THE 5TH
New York Yankees batting - Pitching for Houston Astros : LHP Robbie Ray
Batting: LHB Tony Kemp 0-0: Ball
1-0: Ball
2-0: Ball
3-0: Base on Balls
Batting: LHB Billy McKinney 0-0: Called Strike
0-1: Ball
1-1: Ball
2-1: Swinging Strike
2-2: Strikes out swinging
Batting: RHB Manny Margot 0-0: Called Strike
0-1: Ball
1-1: Called Strike
1-2: Strikes out looking
Batting: RHB Kelby Tomlinson 0-0: Ground out 1-3 (Groundball, P)
Top of the 5th over - 0 runs, 0 hits, 0 errors, 1 left on base; New York 1 - Houston 0
BOTTOM OF THE 5TH
Houston Astros batting - Pitching for New York Yankees : RHP Randall Delgado
Batting: LHB Jason Heyward 0-0: Ball
1-0: Ball
2-0: Called Strike
2-1: Ball
3-1: Foul Ball, location: 2F
3-2: Ground out 4-3 (Groundball, 34)
Batting: RHB Josh Harrison 0-0: Ball
1-0: Foul Ball, location: 2F
1-1: Fly out, F6 (Popup, 6S)
Batting: LHB D.J. Stewart 0-0: Called Strike
0-1: Foul Ball, location: 2F
0-2: Ball
1-2: Fly out, F8 (Line Drive, 8RM)
Bottom of the 5th over - 0 runs, 0 hits, 0 errors, 0 left on base; New York 1 - Houston 0
TOP OF THE 6TH
New York Yankees batting - Pitching for Houston Astros : LHP Robbie Ray
Batting: RHB Ryan Braun 0-0: Called Strike
0-1: Foul Ball, location: 2F
0-2: Fly out, F9 (Line Drive, 9D)
Batting: RHB Devon Travis 0-0: Ball
1-0: Swinging Strike
1-1: Ball
2-1: SINGLE (Line Drive, 6MD)
Batting: RHB Danny Valencia 0-0: Called Strike
0-1: Ball
1-1: Grounds into double play, U4-3 (Groundball, 6MD)
Top of the 6th over - 0 runs, 1 hit, 0 errors, 0 left on base; New York 1 - Houston 0
BOTTOM OF THE 6TH
Houston Astros batting - Pitching for New York Yankees : RHP Randall Delgado
Batting: LHB Brock Holt 0-0: Ball
1-0: Ball
2-0: Ball
3-0: Base on Balls
Batting: LHB Gregory Polanco 0-0: Ground out 4-3 (Groundball, 4S)
Brock Holt to second
Batting: RHB Xander Bogaerts 0-0: Ball
1-0: Called Strike
1-1: Ball
2-1: Foul Ball, location: 2F
2-2: Ball
3-2: Foul Ball, location: 2F
3-2: Base on Balls
Batting: LHB Rougned Odor 0-0: Ball
1-0: Fielders Choice at 2nd, 3-6 (Groundball, 34)
Brock Holt to third
Batting: LHB Colin Moran 0-0: Ball
1-0: SINGLE (Groundball, 34D)
Brock Holt scores
Rougned Odor to second
Runner from 2nd tries for 3rd, SAFE, throw made to third
Batting: LHB Dominic Smith 0-0: Called Strike
0-1: Swinging Strike
0-2: Foul Ball, location: 2F
0-2: Ball
1-2: Ball
2-2: SINGLE (Line Drive, 7S)
Rougned Odor scores
Colin Moran to second
Pitching: LHP Xavier Cedeno
Batting: LHB Jason Heyward 0-0: Called Strike
0-1: Foul Ball, location: 2F
0-2: Foul Ball, location: 2F
0-2: Foul Ball, location: 2F
0-2: Ball
1-2: Strikes out swinging
Bottom of the 6th over - 2 runs, 2 hits, 0 errors, 2 left on base; New York 1 - Houston 2
TOP OF THE 7TH
New York Yankees batting - Pitching for Houston Astros : LHP Robbie Ray
Pitching: RHP Tony Zych
Batting: LHB Logan Morrison 0-0: Foul Ball, location: 2F
0-1: SINGLE (Flyball, 9LS)
Batting: SHB Blake Swihart 0-0: Bunted foul
0-1: Sac Bunt - play at first, batter safe!
Logan Morrison to second
Batting: LHB Tony Kemp 0-0: Sac Bunt - play at first, batter OUT! 2-4
Logan Morrison to third
Blake Swihart to second
Batting: LHB Billy McKinney 0-0: Foul Ball, location: 2F
0-1: Ground out 5-3 (Groundball, 5)
Batting: RHB Manny Margot 0-0: Called Strike
0-1: Ball
1-1: DOUBLE (Line Drive, 9LM)
Logan Morrison scores
Blake Swihart scores
Pinch Hitting: LHB Willie Calhoun 0-0: Ball
1-0: Ball
2-0: Called Strike
2-1: Ball
3-1: Base on Balls
Batting: RHB Ryan Braun 0-0: Called Strike
0-1: Called Strike
0-2: Ball
1-2: Ball
2-2: Fielders Choice at 2nd, 6-4 (Groundball, 6)
Top of the 7th over - 2 runs, 3 hits, 0 errors, 2 left on base; New York 3 - Houston 2
BOTTOM OF THE 7TH
Houston Astros batting - Pitching for New York Yankees : LHP Xavier Cedeno
Pitching: LHP Josh Hader
Now at SS: Brandon Crawford
Batting: RHB Josh Harrison 0-0: Ball
1-0: Ball
2-0: Foul Ball, location: 2F
2-1: Foul Ball, location: 2F
2-2: Ball
3-2: Fly out, F7 (Line Drive, 7)
Batting: LHB D.J. Stewart 0-0: Ball
1-0: SINGLE (Line Drive, 78S)
Batting: LHB Brock Holt 0-0: Ball
1-0: Foul Ball, location: 2F
1-1: SINGLE (Groundball, 4MD)
D.J. Stewart to second
Batting: LHB Gregory Polanco 0-0: Called Strike
0-1: Ball
1-1: Fielders Choice at 2nd, U6 (Groundball, 4M)
D.J. Stewart to third
Batting: RHB Xander Bogaerts 0-0: Called Strike
0-1: Foul Ball, location: 2F
0-2: Ball
1-2: Foul Ball, location: 2F
1-2: Strikes out swinging, 2-3 out at first.
Bottom of the 7th over - 0 runs, 2 hits, 0 errors, 2 left on base; New York 3 - Houston 2
TOP OF THE 8TH
New York Yankees batting - Pitching for Houston Astros : RHP Tony Zych
Pitching: RHP Paul Sewald
Batting: RHB Devon Travis 0-0: Called Strike
0-1: Foul Ball, location: 2F
0-2: Ball
1-2: Foul Ball, location: 2F
1-2: Ball
2-2: Foul Ball, location: 2F
2-2: Ground out 6-3 (Groundball, 6M)
Batting: RHB Danny Valencia 0-0: SINGLE (Groundball, 6MD)
Batting: LHB Logan Morrison 0-0: Called Strike
0-1: Foul Ball, location: 2F
0-2: Strikes out swinging
Batting: SHB Blake Swihart 0-0: Ball
Wild Pitch!
Danny Valencia to second
1-0: Ball
2-0: Called Strike
2-1: Foul Ball, location: 2F
2-2: Strikes out looking
Top of the 8th over - 0 runs, 1 hit, 0 errors, 1 left on base; New York 3 - Houston 2
BOTTOM OF THE 8TH
Houston Astros batting - Pitching for New York Yankees : LHP Josh Hader
Pitching: RHP Josh Lucas
Batting: LHB Rougned Odor 0-0: Ball
1-0: Called Strike
1-1: Ball
2-1: Called Strike
2-2: Ball
3-2: Foul Ball, location: 2F
3-2: Base on Balls
Pitching: RHP Wade Davis
Batting: LHB Colin Moran 0-0: Hit by Pitch
Rougned Odor to second
Batting: LHB Dominic Smith 0-0: Ball
1-0: Foul Ball, location: 2F
1-1: Fly out, F4 (Popup, 4)
Batting: LHB Jason Heyward 0-0: Called Strike
0-1: Foul Ball, location: 2F
0-2: Fly out, F8 (Flyball, 8RM)
Batting: RHB Josh Harrison 0-0: Called Strike
0-1: Swinging Strike
0-2: Ball
1-2: Foul Ball, location: 2F
1-2: Strikes out swinging
Bottom of the 8th over - 0 runs, 0 hits, 0 errors, 2 left on base; New York 3 - Houston 2
TOP OF THE 9TH
New York Yankees batting - Pitching for Houston Astros : RHP Paul Sewald
Pitching: LHP A.J. Minter
Batting: LHB Tony Kemp 0-0: SINGLE (Groundball, 6MD)
Pinch Hitting: RHB Buster Posey 0-0: Called Strike
Tony Kemp steals 2nd base
0-1: Ball
1-1: Intentional Walk
Pinch Hitting: RHB Anthony Rendon 0-0: Called Strike
0-1: Swinging Strike
0-2: Ball
1-2: Foul Ball, location: 2F
1-2: Ball
2-2: Grounds into double play, 4-6-3 (Groundball, 4)
Tony Kemp to third
Batting: LHB Brandon Crawford 0-0: DOUBLE (Line Drive, 89M)
Tony Kemp scores
Batting: RHB Ryan Braun 0-0: Called Strike
0-1: Ball
1-1: Ball
2-1: Ball
3-1: Called Strike
3-2: Strikes out swinging
Top of the 9th over - 1 run, 2 hits, 0 errors, 1 left on base; New York 4 - Houston 2
BOTTOM OF THE 9TH
Houston Astros batting - Pitching for New York Yankees : RHP Wade Davis
Pitching: RHP Brad Brach
Now at 3B: Anthony Rendon
Now in CF: Buster Posey
Batting: LHB D.J. Stewart 0-0: Ball
1-0: Foul Ball, location: 2F
1-1: Foul Ball, location: 2F
1-2: Strikes out looking
Batting: LHB Brock Holt 0-0: Called Strike
0-1: Called Strike
0-2: Foul Ball, location: 2F
0-2: Ball
1-2: Ball
2-2: Strikes out swinging
Batting: LHB Gregory Polanco 0-0: Fly out, F7 (Flyball, 78S)
Bottom of the 9th over - 0 runs, 0 hits, 0 errors, 0 left on base; New York 4 - Houston 2
Thursday, June 21st, 2018 - OOTP Baseball 19.6 Build 53